 Dungeon Crawl Stone Soup version 0.26.1-11-gd32895ea62 (webtiles) character file.

Game seed: 17408578901540401742

973 nothank2 the Firebug (level 7, -2/50 HPs)
             Began as a Yellow Draconian Fire Elementalist on June 6, 2021.
             Slain by an orc warrior
             ... wielding a +0 scimitar
              (17 damage)
             ... on level 7 of the Dungeon.
             The game lasted 00:30:23 (6423 turns).

nothank2 the Firebug (DrFE)                         Turns: 6423, Time: 00:30:24

Health: -2/50      AC: 11    Str: 11    XL:     7   Next: 94%
Magic:  2/14       EV: 12    Int: 23    God:
Gold:   349        SH:  0    Dex: 11    Spells: 6/16 levels left

rFire    . . .     SeeInvis .   q - +5 club
rCold    . . .     Faith    .   (no shield)
rNeg     . . .     Spirit   .   (armour unavailable)
rPois    +         Reflect  .   (helmet restricted)
rElec    .         Harm     .   c - +2 cloak
rCorr    +         Rampage  .   x - +0 pair of gloves
Will     .....                  i - +0 pair of boots
Stlth    ++........             (no amulet)
HPRegen  0.16/turn              g - ring of poison resistance
MPRegen  0.14/turn              p - +6 ring of intelligence

@: very slightly contaminated
A: spit acid, unfitting armour, cold-blooded, acid resistance, AC +6
a: Breathe Acid


You were on level 7 of the Dungeon.
You visited 1 branch of the dungeon, and saw 7 of its levels.

You collected 349 gold pieces.

Inventory:

Hand Weapons
 a - a +2 quarterstaff of chaos
 l - a +1 dagger of flaming
 q - a +5 club (weapon)
Armour
 c - a +2 cloak (worn)
 i - a +0 pair of boots (worn)
 x - a +0 pair of gloves (worn)
 A - a +0 cloak
Jewellery
 g - a ring of poison resistance (left hand)
 p - a +6 ring of intelligence (right hand)
Wands
 w - a wand of flame (16)
Scrolls
 e - 2 scrolls of magic mapping
 k - 6 scrolls of teleportation
 o - 2 scrolls of enchant weapon
 t - 3 scrolls of blinking
 u - a scroll of fear {unknown}
 y - 2 scrolls of enchant armour {unknown}
Potions
 b - 2 potions of degeneration
 d - a potion of mutation {unknown}
 f - 3 potions of brilliance
 h - 2 potions of haste
 j - a potion of flight {unknown}
 m - a potion of lignification {unknown}
 n - a potion of resistance {unknown}
 r - 2 potions of ambrosia
 v - a potion of heal wounds
 z - a potion of invisibility
 C - a potion of curing


   Skills:
 - Level 0.7 Maces & Flails
 - Level 1.7 Dodging
 - Level 1.7 Stealth
 + Level 5.2 Spellcasting
 + Level 4.6 Conjurations
 + Level 6.3 Fire Magic


You had 6 spell levels left.
You knew the following spells:

 Your Spells              Type           Power        Failure   Level
a - Foxfire               Conj/Fire      100%         1%          1
b - Sticky Flame          Conj/Fire      31%          10%         4
c - Fireball              Conj/Fire      15%          26%         5

Your spell library contained the following spells:

 Spells                   Type           Power        Failure   Level
 Conjure Flame            Conj/Fire      31%          3%          3
 Inner Flame              Hex/Fire       20%          8%          3


Dungeon Overview and Level Annotations

Branches:
Dungeon (7/15)
 Temple: D:4-7

Altars:
Dithmenos
Ru
Zin


Innate Abilities, Weirdness & Mutations

You can spit globs of acid.
Your golden yellow scales are hard. (AC +6)
You cannot fit into any form of body armour.
You are cold-blooded and may be slowed by cold attacks.
You are resistant to acid. (rCorr)


Message History

The orc warrior is lightly wounded.
The orc warrior is covered in liquid flames!
The orc warrior burns!
The orc warrior hits you with a +0 scimitar!
Casting: Foxfire (safe; 1% risk of failure)
Press: ? - help, Q - select action, (/) - cycle Dir - look around, f - activate You conjure some foxfire!
The orc warrior burns!
The orc warrior hits you with a +0 scimitar!
You hit the orc warrior. You tail-slap the orc warrior.
The orc warrior is moderately wounded.
The orc warrior burns! x2; The orc warrior stops burning.
The foxfire hits the orc warrior but does no damage.
The orc warrior is heavily wounded.
The foxfire hits the orc warrior but does no damage.
The orc warrior is heavily wounded.
The orc warrior hits you with a +0 scimitar!
* * * LOW HITPOINT WARNING * * *
The orc warrior hits you with a +0 scimitar!
You die...

##.## ##..$##
#.....#
##...## ##..##
##)..####
#.......+
#######.o.####
#..<†...@##
#.#####.## #.#
#^# #.# ..#
#.# .#.# #.#
#.#.# #.# #
#.# #.. ..#


You could see an orc warrior.

Vanquished Creatures
  An ogre (D:5)
  3 bullfrogs (D:6)
  A bullfrog skeleton (D:5)
  Crazy Yiuf (D:5)
  2 orc priests
  2 hounds (D:5)
  Jessica (D:2)
  4 orc wizards (D:5)
  3 worker ants (D:4)
  A killer bee zombie (D:5)
  A howler monkey zombie (D:6)
  A worker ant zombie (D:5)
  3 gnolls (D:4)
  A howler monkey skeleton (D:6)
  7 adders
  A shadow imp (D:6)
  2 white imps (D:6)
  An ufetubus (D:6)
  An ooze (D:2)
  2 adder skeletons
  4 worms
  3 dart slugs
  5 leopard geckos
  14 orcs
  A ball python (D:4)
  8 giant cockroaches
  13 goblins
  12 hobgoblins
  8 jackals
  9 kobolds
  2 quokkas
  A ball python zombie (D:5)
  2 bats
  5 frilled lizards
  7 rats
133 creatures vanquished.

Vanquished Creatures (others)
  306 foxfires
  2 plants (D:4)
308 creatures vanquished.

Grand Total: 441 creatures vanquished

Notes
Turn   | Place    | Note
-------+----------+-------------------------------------------
     0 | D:1      | nothank2 the Draconian Fire Elementalist began the quest
                  | for the Orb.
     0 | D:1      | Reached XP level 1. HP: 14/14 MP: 3/3
   261 | D:1      | Reached XP level 2. HP: 13/20 MP: 1/5
   802 | D:1      | Reached XP level 3. HP: 26/26 MP: 3/6
  1280 | D:2      | Reached skill level 4 in Fire Magic
  1817 | D:2      | Reached XP level 4. HP: 33/33 MP: 6/8
  1822 | D:2      | Learned a level 4 spell: Sticky Flame
  1924 | D:2      | Found a glowing silver altar of Zin.
  1926 | D:2      | Noticed Jessica
  1932 | D:2      | Killed Jessica
  2494 | D:3      | Reached XP level 5. HP: 38/38 MP: 4/9
  2655 | D:3      | Found a shadowy altar of Dithmenos.
  3863 | D:4      | Reached XP level 6. HP: 45/45 MP: 8/11
  3880 | D:4      | Reached skill level 5 in Fire Magic
  4163 | D:5      | Entered Level 5 of the Dungeon
  4442 | D:5      | Found a runed translucent door.
  4443 | D:5      | Noticed Crazy Yiuf
  4456 | D:5      | Killed Crazy Yiuf
  4968 | D:5      | Your scales start taking on a golden yellow colour.
  4968 | D:5      | Reached XP level 7. HP: 24/50 MP: 1/13
  4968 | D:5      | Gained mutation: You are resistant to acid. (rCorr) [Yellow
                  | Draconian growth]
  5667 | D:6      | Found a sacrificial altar of Ru.
  5712 | D:6      | Reached skill level 6 in Fire Magic
  5793 | D:6      | Reached skill level 5 in Spellcasting
  6054 | D:6      | Learned a level 5 spell: Fireball
  6423 | D:7      | Slain by an orc warrior

Illustrated notes

Levels and vault maps discovered:
D:1:      dpeg_arrival_windows_large_door, layout_loops_cross
D:2:      layout_rooms, zin_academy, uniq_jessica
D:3:      layout_loops_ring, nicolae_dithmenos_shadow_blocks, kennysheep_potato
D:4:      corexii_shack_village, layout_basic, hex_tiny
D:5:      layout_basic, uniq_crazy_yiuf_cottage
D:6:      layout_loops_ring, nicolae_ru_sacrificial_ziggurat
D:7:      layout_loops_corners, kennysheep_mini, minitemple, temple_fountains,
          ebering_ghost_gozag

Skill      XL: |  1  2  3  4  5  6  7 |
---------------+----------------------+-----
Fire Magic     | 4 5 6 |  6.3
Conjurations   | 2 3 4 |  4.6
Spellcasting   | 3 4 5 |  5.2
Maces & Flails | |  0.7
Dodging        | |  1.7
Stealth        | |  1.7

Action                   |  1- 3 |  4- 6 |  7- 9 || total
-------------------------+-------+-------+-------++-------
Melee: Dagger            |    79 |       |       ||    79
       Unarmed           |     8 |       |       ||     8
       Tailslap          |     4 |     6 |     6 ||    16
       Club              |       |    61 |    35 ||    96
 Cast: Foxfire           |    46 |    98 |    36 ||   180
       Sticky Flame      |       |     2 |     2 ||     4
  Use: Potion            |       |     1 |       ||     1
       Scroll            |       |    11 |     4 ||    15
 Stab: Sleeping          |     2 |     2 |     1 ||     5
Armor: Skin              |    22 |    38 |    21 ||    81
Dodge: Dodged            |    42 |    56 |    28 ||   126
